 Dungeon Crawl Stone Soup version 0.20.1-1-g8b1a95d (webtiles) character file.

784 letownia2 the Grave Robber (level 7, -6/56 HPs)
             Began as a Deep Dwarf Necromancer on Nov 2, 2017.
             Was an Initiate of Gozag.
             Mangled by an ogre
             ... wielding a +0 giant club
              (21 damage)
             ... on level 6 of the Dungeon.
             The game lasted 00:11:48 (5469 turns).

letownia2 the Grave Robber (Deep Dwarf Necromancer) Turns: 5469, Time: 00:11:49

Health: -6/56      AC:  8    Str: 13    XL:     7   Next: 55%
Magic:  1/15       EV:  9    Int: 16    God:    Gozag
Gold:   448        SH:  0    Dex: 13    Spells: 12/16 levels left

rFire    . . .     SeeInvis .   a - +0 dagger (elec)
rCold    . . .     Gourm    .   (no shield)
rNeg     + . .     Faith    .   e - +0 scale mail
rPois    .         Spirit   .   x - +0 helmet
rElec    .         Reflect  .   I - +0 cloak
rCorr    .         Harm     .   (no gloves)
MR       +....                  (no boots)
Stlth    +.........             (no amulet)
Regen    0.0/turn               A - ring of positive energy
MPRegen  0.2/turn               (no ring)

@: very slightly contaminated, non-regenerating
A: damage resistance, heal wounds, sense surroundings 1, no regeneration
a: Heal Wounds, Potion Petition, Call Merchant, Bribe Branch, Renounce Religion


You were on level 6 of the Dungeon.
You worshipped Gozag.
Gozag was aware of your devotion.
You were not hungry.

You visited 2 branches of the dungeon, and saw 7 of its levels.

You collected 507 gold pieces.
You paid 59 gold pieces to Gozag.

Inventory:

Hand Weapons
 a - a +0 dagger of electrocution (weapon)
 b - a +0 dire flail of holy wrath
 c - a +0 blowgun
 d - a +2 flail of crushing
 j - a +0 hunting sling
 C - a +0 shortbow
Missiles
 m - 3 needles of confusion
 u - 5 poisoned needles
 F - 64 arrows
Armour
 e - a +0 scale mail (worn)
 l - a +0 leather armour
 x - a +0 helmet (worn)
 I - a +0 cloak (worn)
Magical Staves
 i - an uncursed staff of conjuration
Jewellery
 A - a ring of positive energy (left hand)
Scrolls
 h - a scroll of fear {unknown}
 n - 3 scrolls of amnesia
 p - a scroll of remove curse
 r - a scroll of immolation {unknown}
 t - a scroll of identify {unknown}
 w - a scroll of enchant armour {unknown}
 y - 2 scrolls of enchant weapon {unknown}
 E - 2 scrolls of teleportation {unknown}
Potions
 k - a potion of berserk rage {unknown}
 o - a potion of haste {unknown}
 q - a potion of might {unknown}
 s - a potion of heal wounds {unknown}
 v - 2 potions of agility {unknown}
 B - a potion of lignification {unknown}
 G - 6 potions of curing
Books
 z - a book of Necromancy

   Spells                             Type                      Level
   a - Pain                           Necromancy                   1
   b - Animate Skeleton               Necromancy                   1
   c - Vampiric Draining              Necromancy                   3
   d - Regeneration                   Charms/Necromancy            3
   e - Animate Dead                   Necromancy                   4
   f - Control Undead                 Necromancy                   4
Comestibles
 f - 3 meat rations
 g - 3 fruits
 H - 5 bread rations


   Skills:
 + Level 0.3 Fighting
 * Level 0.4 Armour
 - Level 2.1 Dodging
 - Level 2.4 Stealth
 + Level 5.4 Spellcasting
 - Level 7.6 Necromancy


You had 12 spell levels left.
You knew the following spells:

 Your Spells              Type           Power        Failure   Level  Hunger
a - Pain                  Necr           ####         3%          1    None
v - Vampiric Draining     Necr           ####......   9%          3    ###....


Dungeon Overview and Level Annotations

Branches:
Dungeon (6/15)             Temple (1/1) D:5

Altars:
Gozag
Hepliaklqana
Nemelex Xobeh
Qazlal
Zin
The Shining One

Annotations:
D:4 1 exclusion, Dowan; letownia2's ghost, amateur DDNe


Innate Abilities, Weirdness & Mutations

You are resistant to damage.
You can heal yourself by infusing magical energy.
You passively map a small area around you.
You do not regenerate.


Message History

Aiming: Vampiric Draining
Press: ? - help, Shift-Dir - straight line, f/p - ogre
Aim: an ogre, wielding a giant club (severely wounded)
You miscast Vampiric Draining.
You feel very uncomfortable. The ogre hits you with a giant club!
There is a stone staircase leading up here.
Casting: Vampiric Draining
Confirm with . or Enter, or press ? or * to list all spells.
Aiming: Vampiric Draining
Press: ? - help, Shift-Dir - straight line, f/p - ogre
Aim: an ogre, wielding a giant club (heavily wounded)
You miscast Vampiric Draining.
Nothing appears to happen.
The ogre hits you with a giant club!
* * * LOW HITPOINT WARNING * * *
Unknown command.
You closely miss the ogre.
The ogre is heavily wounded.
The ogre hits you with a giant club!!
You die...
Your body crumbles into a pile of gold.

#######
#@O...# *
#####.# #.#
#######.###
#........>#
#.#########
#.# #.#
###########.#


You could see an ogre.

Vanquished Creatures
  A sky beast (D:5)
  A centaur (D:5)
  A bullfrog (D:5)
  Blork the orc (D:4)
  A scorpion (D:5)
  A bullfrog zombie (D:5)
  A crimson imp (D:5)
  An orc priest (D:5)
  2 orc wizards
  A bullfrog skeleton (D:5)
  4 worker ants
  A howler monkey skeleton (D:5)
  3 adders
  2 oozes
  2 worms
  4 dart slugs
  2 leopard geckos
  12 orcs
  12 bats
  5 giant cockroaches
  6 goblins
  8 hobgoblins
  10 jackals
  5 quokkas
  A ball python (D:3)
  7 frilled lizards
  4 kobolds
  A quokka skeleton (D:4)
  4 rats
104 creatures vanquished.

Notes
Turn   | Place    | Note
-------+----------+-------------------------------------------
     0 | D:1      | letownia2 the Deep Dwarf Necromancer began the quest for the Orb.
     0 | D:1      | Reached XP level 1. HP: 15/15 MP: 3/3
   502 | D:2      | Reached XP level 2. HP: 22/22 MP: 3/5
   520 | D:2      | Found a sparkling altar of Nemelex Xobeh.
   776 | D:3      | Reached skill level 5 in Necromancy
   902 | D:3      | Reached XP level 3. HP: 26/28 MP: 4/6
  1081 | D:4      | Learned a level 3 spell: Vampiric Draining
  1392 | D:4      | Noticed Dowan
  1471 | D:4      | Reached skill level 6 in Necromancy
  1505 | D:4      | Reached XP level 4. HP: 26/36 MP: 1/7
  1766 | D:4      | Noticed letownia2's ghost (amateur DDNe)
  2097 | D:4      | Noticed Blork the orc
  2097 | D:4      | Reached XP level 5. HP: 32/42 MP: 0/8
  2216 | D:4      | Killed Blork the orc
  2216 | D:4      | Reached skill level 7 in Necromancy
  2606 | D:5      | Entered Level 5 of the Dungeon
  2881 | D:5      | Reached XP level 6. HP: 44/49 MP: 2/10
  3104 | D:5      | Noticed a sky beast
  3112 | D:5      | Killed a sky beast
  3204 | D:5      | Found a staircase to the Ecumenical Temple.
  3221 | D:5      | Found a hazy altar of Hepliaklqana.
  3252 | Temple   | Entered the Ecumenical Temple
  3274 | Temple   | Became a worshipper of Gozag Ym Sagoz the Greedy
  3520 | D:5      | Reached XP level 7. HP: 39/55 MP: 3/13
  3785 | D:5      | Reached skill level 5 in Spellcasting
  5469 | D:6      | Mangled by an ogre

Skill      XL: |  1  2  3  4  5  6  7 |
---------------+----------------------+-----
Spellcasting   | 2 4 5 |  5.4
Necromancy     | 5 6 7 |  7.6
Fighting       | |  0.3
Armour         | |  0.4
Dodging        | |  2.1
Stealth        | |  2.4

Action                   |  1- 3 |  4- 6 |  7- 9 || total
-------------------------+-------+-------+-------++-------
Melee: Dagger            |    13 |    49 |    18 ||    80
 Cast: Pain              |    52 |    33 |    74 ||   159
       Vampiric Draining |     5 |    31 |     9 ||    45
  Use: Scroll            |       |       |     3 ||     3
 Stab: Sleeping          |       |     1 |       ||     1
       Distracted        |       |     1 |       ||     1
  Eat: Chunk             |     3 |     9 |       ||    12
       Royal jelly       |       |       |     3 ||     3
       Meat ration       |       |       |     1 ||     1
Armor: Robe              |     3 |       |       ||     3
       Leather armour    |     4 |    24 |     5 ||    33
       Scale mail        |       |       |     3 ||     3
Dodge: Dodged            |    18 |    55 |    19 ||    92
